 Dungeon Crawl Stone Soup version 0.30-a0-1160-g6e42c06551 (webtiles) character file.

Game seed: 17995782908191142832

75 funkygono the Covered (level 4, -4/40 HPs)
             Began as a Minotaur Fighter on Apr 26, 2023.
             Killed from afar by an orc wizard (6 damage)
             ... with a magic dart
             ... on level 2 of the Dungeon.
             The game lasted 00:01:41 (1360 turns).

funkygono the Covered (Minotaur Fighter)            Turns: 1360, Time: 00:01:42

Health: -4/40      AC:  9    Str: 23    XL:     4   Next: 11%
Magic:  3/3        EV:  8    Int:  5    God:
Gold:   58         SH:  4    Dex:  9    Spells: 3/3 levels left

rFire   . . .        a - +0 war axe
rCold   . . .        c - +0 buckler
rNeg    . . .        g - +0 chain mail
rPois   .            (helmet restricted)
rElec   .            (no cloak)
rCorr   .            (no gloves)
SInv    .            (no boots)
Will    .....        (no amulet) Stlth
                     (no ring)
HPRegen 0.26/turn    (no ring)
MPRegen 0.08/turn

%: no passive effects
@: no status effects
A: horns 2, retaliatory headbutt
a: no special abilities


You were on level 2 of the Dungeon.
You visited 1 branch of the dungeon, and saw 2 of its levels.

You collected 58 gold pieces.

Inventory:

Hand Weapons
 a - a +0 war axe (weapon)
Armour
 c - a +0 buckler (worn)
 g - a +0 chain mail (worn)
Scrolls
 e - 2 scrolls of identify {unknown}
 f - a scroll of noise {unknown}
 k - 2 scrolls of enchant armour {unknown}
Potions
 b - a potion of heal wounds {unknown}
 d - 3 potions of might
 h - a potion of flight {unknown}
 i - a potion of cancellation {unknown}
 j - a potion of degeneration {unknown}


   Skills:
 + Level 4.1 Fighting
 + Level 3.6 Axes
 + Level 4.5 Armour
 + Level 0.7 Dodging
 + Level 3.9 Shields


You had 3 spell levels left.
You didn't know any spells.
Your spell library contained the following spells:

 Spells                   Type           Power      Damage    Failure   Level
 Shock                    Conj/Air       0%         1d3       98%         1
 Swiftness                Air            0%         N/A       100%        3
 Airstrike                Air            0%         2d(0-16)  100%        4


Dungeon Overview and Level Annotations

Branches:
Dungeon (2/15)

Altars:


Innate Abilities, Weirdness & Mutations

You have a pair of horns on your head.
You reflexively headbutt those who attack you in melee.


Message History

You barely miss something.
Something hits you but does no damage. x2
You miss something. Something hits you but does no damage.
You hit something. Your headbutt misses something. Something hits you.
* * * LOW HITPOINT WARNING * * *
You hear some strange, mumbled words.
You are confused.
Unknown command.
You bump into the rock wall.
Something hits you but does no damage.
You completely miss something. Your headbutt misses something.
Something hits you but does no damage.
You completely miss something. Something hits you but does no damage.
You bump into the rock wall.
Something hits you but does no damage.
Unknown command.
You hear some strange, mumbled words.
Something tries to affect you, but you resist.
Something hits you.
* * * LOW HITPOINT WARNING * * *
You completely miss something.
You feel less confused. Something hits you.
* * * LOW HITPOINT WARNING * * *
Something hits you.
* * * LOW HITPOINT WARNING * * *
You completely miss something. Your headbutt misses something.
You hear some strange, mumbled words.
Something tries to affect you, but you resist.
You barely miss something.
Something hits you but does no damage. x2
You miss something. Your headbutt misses something.
You hear some strange, mumbled words.
A puff of flame appears from out of thin air!
The puff of flame hits you.
* * * LOW HITPOINT WARNING * * *
Unknown command.
You closely miss something. Your headbutt misses something.
Something hits you but does no damage.
You miss something.
You hear some strange, mumbled words.
A magic dart appears from out of thin air!
The magic dart hits you.
You die...

#...........########.
#..................#.
#...........######.#.
#.###....##.# #.#.
#.# #....##.# #.#.
#.###....##.# #...
#...........# ###.
##...#.#.##.. #.
#..@.......# #.
#.{.#.#..#.. ##.
##)##.#.. ##.. #)#
###.## #.# ...... #.#
#..[ #.# ##.. #.# ##.
#.# #.


There were no monsters in sight!

Vanquished Creatures
  An orc priest (D:2)
  A dart slug (D:1)
  2 orcs (D:2)
  5 bats
  2 endoplasms (D:1)
  A giant cockroach (D:1)
  6 hobgoblins (D:1)
  2 quokkas (D:1)
  3 ball pythons
  2 frilled lizards (D:1)
  6 goblins
  3 kobolds
  6 rats
40 creatures vanquished.

Notes
Turn   | Place    | Note
-------+----------+-------------------------------------------
     0 | D:1      | funkygono the Minotaur Fighter began the quest for the Orb.
     0 | D:1      | Reached XP level 1. HP: 19/19 MP: 0/0
   532 | D:1      | Reached XP level 2. HP: 19/27 MP: 1/1
   922 | D:1      | Reached XP level 3. HP: 33/33 MP: 2/2
  1231 | D:2      | Found a faded altar of an unknown god.
  1333 | D:2      | Reached XP level 4. HP: 17/40 MP: 3/3
  1355 | D:2      | HP: 2/40 [something (1)]
  1360 | D:2      | Killed from afar by an orc wizard

Illustrated notes

Levels and vault maps discovered:
D:1:      dpeg_cavernosity, layout_basic
D:2:      layout_loops_ring, shapermc_ecumenical_altar_venn, uniq_robin

Skill      XL: |  1  2  3 |
---------------+----------+-----
Armour         | 4 |  4.5
Fighting       | 4 |  4.1
Axes           | 3 |  3.6
Dodging        | |  0.7
Shields        | |  3.9

Action                     |  1- 3 |  4- 6 || total
---------------------------+-------+-------++-------
  Melee: War axe           |    87 |    20 ||   107
         Headbutt          |    13 |     1 ||    14
 Armour: Scale mail        |    17 |       ||    17
         Chain mail        |    30 |    22 ||    52
  Dodge: Dodged            |    44 |     7 ||    51
  Block: Buckler           |     8 |       ||     8

Table legend: (Time is in decaauts)
 A = Elapsed time spent in this place.
 B = Non-inter-level travel time spent in this place.
 C = Inter-level travel time spent in this place.
 D = Time resting spent in this place.
 E = Time spent auto-exploring this place.
 F = Levels seen in this place.
 G = Mean time per level.
                   A        B        C        D        E       F      G
               +--------+--------+--------+--------+--------+-----+--------+
         Total |   1400 |   1368 |     32 |      0 |   1051 |   2 |  700.0 |
       Dungeon |   1400 |   1368 |     32 |      0 |   1051 |   2 |  700.0 |
               +--------+--------+--------+--------+--------+-----+--------+

Top non-repeatable levels by time:
     D:1: 1185 daAuts
     D:2: 214 daAuts
